 Dungeon Crawl Stone Soup version 0.29.1-13-g9f3cf754e1 (webtiles) character file.

Game seed: 6959959839146602278

57 cdecastro the Cutter (level 3, -1/27 HPs)
             Began as a Demigod Transmuter on Feb 3, 2023.
             Slain by Grinder (6 damage)
             ... on level 3 of the Dungeon.
             The game lasted 00:04:39 (3027 turns).

cdecastro the Cutter (Demigod Transmuter)           Turns: 3027, Time: 00:04:39

Health: -1/27      AC:  5    Str: 11    XL:     3   Next: 50%
Magic:  6/8        EV: 12    Int: 15    God:
Gold:   146        SH:  0    Dex: 18    Spells: 4/5 levels left

rFire   . . .      SeeInvis .   d - +1 dagger (elec)
rCold   . . .      Faith    .   (no shield)
rNeg    . . .      Spirit   .   u - +3 robe of Clouds {*Thunder rCloud rElec}
rPois   .          Reflect  .   (helmet currently unavailable)
rElec   +          Harm     .   (no cloak)
rCorr   .          Rampage  .   (no gloves)
Will    .....                   (boots currently unavailable)
Stlth   ++........              (no amulet)
HPRegen 0.09/turn               (no ring)
MPRegen 0.11/turn               (no ring)

@: appendages (expiring), very slightly contaminated
A: horns 2, talons 2, high MP 1, forlorn, divine attributes
a: End Transformation


You were on level 3 of the Dungeon.
You had temporarily grown beastly horns and talons.
You visited 1 branch of the dungeon, and saw 3 of its levels.

You collected 146 gold pieces.

Inventory:

Hand Weapons
 d - a +1 dagger of electrocution (weapon)
Missiles
 q - 6 boomerangs
Armour
 a - a +0 robe
 u - the +3 robe of Clouds (worn) {*Thunder rCloud rElec}
   (You found it on level 2 of the Dungeon)

   It occasionally creates storm clouds above nearby enemies.
   It grants its wearer immunity to clouds.
   rElec:     It insulates you from electricity.
Magical Staves
 e - a staff of earth
Jewellery
 v - a ring of wizardry
Scrolls
 c - a scroll of teleportation {unknown}
 f - 2 scrolls of enchant weapon {unknown}
 g - 2 scrolls of fear {unknown}
 k - a scroll of immolation {unknown}
 l - a scroll of magic mapping {unknown}
 n - a scroll of noise {unknown}
 r - a scroll of identify {unknown}
 t - 2 scrolls of fog {unknown}
 w - a scroll of enchant armour {unknown}
Potions
 b - a potion of lignification
 h - 2 potions of curing {unknown}
 i - a potion of ambrosia {unknown}
 j - a potion of degeneration {unknown}
 m - 2 potions of brilliance {unknown}
 o - a potion of resistance {unknown}
 p - a potion of haste {unknown}
 s - a potion of heal wounds {unknown}


   Skills:
 - Level 0.8 Fighting
 + Level 3.0 Short Blades
 - Level 1.7 Dodging
 - Level 2.8 Unarmed Combat
 - Level 1.7 Spellcasting
 - Level 1.7 Transmutations


You had 4 spell levels left.
You knew the following spells:

 Your Spells              Type           Power      Damage    Failure   Level
a - Beastly Appendage     Tmut           12%        N/A       11%         1

Your spell library contained the following spells:

 Spells                   Type           Power      Damage    Failure   Level
 Wereblood                Tmut           6%         N/A       17%         2
 Spider Form              Tmut/Pois      3%         N/A       43%         3
 Ice Form                 Ice/Tmut       3%         N/A       85%         4


Dungeon Overview and Level Annotations

Branches:
Dungeon (3/15)

Annotations:
D:3 Grinder


Innate Abilities, Weirdness & Mutations

You have temporarily grown beastly horns and talons.
You have an increased reservoir of magic. (+10% MP)
You shall have no god before yourself.
Your divine heritage dramatically boosts your attributes as you level up.


Message History

a +0 club; a kobold corpse
Found 14 gold pieces.
Found a stone staircase leading down.
Grinder shouts!
Grinder is nearby!
Okay, then.
Unknown command.
Unknown command.
Unknown command.
Casting: Beastly Appendage (safe; 11% risk of failure)
Confirm with . or Enter, or press ? or * to list all spells.
You miscast Beastly Appendage.
You are very lightly contaminated with residual magic.
Nothing appears to happen.
Casting: Beastly Appendage (safe; 11% risk of failure)
Confirm with . or Enter, or press ? or * to list all spells.
You grow a pair of large bovine horns.
Your feet morph into talons.
You barely miss Grinder.
Storm clouds gather above Grinder.
A worm comes into view.
Grinder closely misses you.
You barely miss Grinder. Your kick misses Grinder. You hit Grinder.
Your kick misses Grinder.
Grinder is lightly wounded.
Grinder hits you.
You writhe in agony.
You hit Grinder but do no damage. Lightning courses through Grinder!
You claw Grinder. Your headbutt misses Grinder.
Grinder is heavily wounded.
Grinder gestures at you. Pain shoots through your body!
* * * LOW HITPOINT WARNING * * *
You hit Grinder but do no damage. Your kick misses Grinder.
Grinder is heavily wounded.
Grinder completely misses you.
You closely miss Grinder. You headbutt Grinder.
Grinder is severely wounded.
Your transformation is almost over.
Grinder says, "Just stop there for a second..."
Grinder hits you.
* * * LOW HITPOINT WARNING * * *
You writhe in agony.
You die...

##...########..# .#
|.......[..##..####.
...................
.
.............#.#..#
..
##...######..#.>..#
... ##.#.##
#..##..># .. #.###.#
#..##...#.# ##.#.##
#....)....#
##...####
#####.@5###
........# ###.....>$
......#.# #......
..###...### ).....
..# #.....#### .....
..###........# .....
........#.##.# ####
.รท......#.##.#
##....###.##.#


You could see Grinder.

Vanquished Creatures
  An adder (D:2)
  8 bats
  7 endoplasms
  2 giant cockroaches
  4 goblins
  4 hobgoblins
  3 quokkas
  3 ball pythons
  8 frilled lizards
  4 kobolds
  A rat (D:1)
45 creatures vanquished.

Notes
Turn   | Place    | Note
-------+----------+-------------------------------------------
     0 | D:1      | cdecastro the Demigod Transmuter began the quest for the
                  | Orb.
     0 | D:1      | Reached XP level 1. HP: 15/15 MP: 5/5
   196 | D:1      | Reached skill level 1 in Short Blades
   441 | D:1      | Reached XP level 2. HP: 22/22 MP: 7/7
   948 | D:1      | Reached skill level 2 in Short Blades
  1521 | D:2      | Reached XP level 3. HP: 15/27 MP: 8/8
  2479 | D:2      | Found the +3 robe of Clouds {*Thunder rCloud rElec}
  2700 | D:3      | Noticed Grinder
  2704 | D:3      | Reached skill level 3 in Short Blades
  2715 | D:3      | Paralysed by Grinder for 4 turns
  3027 | D:3      | Slain by Grinder

Illustrated notes

Levels and vault maps discovered:
D:1:      dpeg_arrival_round_a, layout_basic,
          ebering_ecumenical_altar_sacrificial, st_stairs_12,
          chequers_big_river, minmay_indecisive_spiral
D:2:      layout_basic, hex_large, reono_crystal_passage
D:3:      layout_loops_cross, uniq_grinder

Skill      XL: |  1  2  3 |
---------------+----------+-----
Short Blades   | 1 2 3 |  3.0
Fighting       | |  0.8
Dodging        | |  1.7
Unarmed Combat | |  2.8
Spellcasting   | |  1.7
Transmutations | |  1.7

Action                   || total
-------------------------++-------
Melee: Dagger            ||   129
       Unarmed           ||     3
       Punch             ||     4
       Kick              ||     1
       Headbutt          ||     1
 Cast: Beastly Appendage ||     1
 Stab: Sleeping          ||     2
Armor: Robe              ||    32
Dodge: Dodged            ||    85
